 Dungeon Crawl Stone Soup version 0.31.0-9-g3a7656b989 (webtiles) character file.

Game seed: 7374149840623776112

4163 Kass the Ruffian (level 10, -1/69 HPs)
             Began as an Octopode Shapeshifter on Jan 30, 2024.
             Was a Priest of Elyvilon.
             Shot with an arrow by a centaur (4 damage)
             ... on level 8 of the Dungeon.
             The game lasted 00:17:43 (6885 turns).

Kass the Ruffian (Octopode Shapeshifter)            Turns: 6885, Time: 00:17:43

Health: -1/69      AC:  5    Str: 14    XL:     10   Next: 28%
Magic:  12/12      EV: 16    Int: 12    God:    Elyvilon [***...]
Gold:   522        SH:  0    Dex: 14    Spells: 2/9 levels left

rFire   + + +        p - +5 spear "Ojyed" {venom, rPois rF++ Str-4 Dex+2}
rCold   + . .        F - orb {mayhem}
rNeg    . . .        (helmet currently unavailable)
rPois   +            (no amulet)
rElec   .            m - ring of Existentialism {rF++ AC+4}
rCorr   .            u - ring of poison resistance
SInv    .            C - ring of protection from cold
Will    .....        D - ring of wizardry
Stlth   ++++         (no ring)
HPRegen 0.31/turn    (no ring)
MPRegen 0.13/turn    (no ring)
                     (no ring)

%: mayhem, wizardry (x1)
@: beast-form
A: beast (slay +3), almost no armour, amphibious, 8 rings, camouflage 1,
gelatinous body 1, (nimble swimmer 1), tentacles
a: Begin Untransformation, Renounce Religion, Purification, Heal Other, Heal
Self


You were on level 8 of the Dungeon.
You worshipped Elyvilon.
Elyvilon was most pleased with you.
You were a hulking beast.
You visited 1 branch of the dungeon, and saw 8 of its levels.

You collected 522 gold pieces.

Inventory:

Hand Weapons
 p - the +5 spear "Ojyed" (weapon) {venom, rPois rF++ Str-4 Dex+2}
   (You found it on level 4 of the Dungeon)

   Str-4:     It affects your strength (-4).
   Dex+2:     It affects your dexterity (+2).
   rF++:      It greatly protects you from fire.
   rPois:     It protects you from poison
Missiles
 d - 10 poisoned darts (quivered)
Armour
 F - an orb of mayhem (worn)
Jewellery
 m - the ring of Existentialism (left tentacle) {rF++ AC+4}
   (You found it on level 4 of the Dungeon)

   [ring of protection]

   AC+4:      It affects your AC (+4).
   rF++:      It greatly protects you from fire.
 u - a ring of poison resistance (right tentacle)
 C - a ring of protection from cold (on tentacle)
 D - a ring of wizardry (on tentacle)
Talismans
 b - a beast talisman
 c - a flux talisman
Wands
 s - a wand of mindburst (14)
 t - a wand of charming (11)
 y - a wand of polymorph (20)
 B - a wand of light (5)
 E - a wand of flame (31)
Scrolls
 e - 6 scrolls of teleportation {unknown}
 f - a scroll of vulnerability {unknown}
 g - 2 scrolls of identify {unknown}
 i - a scroll of fog {unknown}
 j - a scroll of revelation {unknown}
 l - 4 scrolls of enchant weapon {unknown}
 o - 2 scrolls of immolation {unknown}
 r - a scroll of summoning {unknown}
 x - a scroll of noise {unknown}
 z - a scroll of fear {unknown}
Potions
 a - 5 potions of lignification
 h - a potion of brilliance {unknown}
 k - 3 potions of heal wounds {unknown}
 n - 5 potions of haste {unknown}
 q - 2 potions of curing {unknown}
 v - a potion of ambrosia {unknown}
 w - a potion of mutation {unknown}
 A - a potion of enlightenment {unknown}


   Skills:
 + Level 6.7 Fighting
 + Level 7.1 Dodging
 + Level 4.2 Stealth
 + Level 7.4 Unarmed Combat
 + Level 2.8 Summonings
 + Level 3.1 Invocations
 + Level 6.9 Shapeshifting


You had 2 spell levels left.
You knew the following spells:

 Your Spells              Type           Power      Damage    Failure   Level
a - Summon Small Mammal   Summ           24%        N/A       4%          1
b - Call Canine Familiar  Summ           6%         N/A       12%         3
c - Swiftness             Air            0%         N/A       36%         3

Your spell library contained the following spells:

 Spells                   Type           Power      Damage    Failure   Level
 Shock                    Conj/Air       0%         1d3       13%         1
 Cigotuvi's Dreadful Rot  Necr/Alch/Air  0%         N/A       21%         2
 Dazzling Flash           Conj/Hex       0%         N/A       36%         3
 Volatile Blastmotes      Fire/Tloc      0%         2d10      36%         3
 Martyr's Knell           Necr/Summ      3%         N/A       56%         4
 Airstrike                Air            0%         2d(0-16)  75%         4
 Dispel Undead            Necr           0%         3d6       75%         4
 Manifold Assault         Tloc           0%         N/A       75%         4
 Vhi's Electric Charge    Tloc/Air       0%         N/A       75%         4
 Death Channel            Necr           0%         N/A       100%        6
 Starburst                Conj/Fire      0%         6d3       100%        6
 Disjunction              Tloc           0%         N/A       100%        8
 Maxwell's Capacitive Co  Air            0%         ∞         100%        8


Dungeon Overview and Level Annotations

Branches:
Dungeon (8/15)             Temple (0/1) D:5
   Lair: D:8-11

Altars:
Elyvilon
Fedhas

Shops:
D:6 [


Innate Abilities, Weirdness & Mutations

You are a hulking beast.
Your limbs bulge with bestial killing power. (Slay +3)
You cannot wear most types of armour.
You are amphibious.
You can wear up to eight rings at the same time.
Your skin changes colour to match your surroundings (Stealth+).
Your rubbery body absorbs attacks. (AC +1, EV +1)
((You are camouflaged when in or above water. (Stealth+)))
You have tentacles for arms and can constrict up to eight enemies at once.


Message History

You constrict the kobold brigand.
The kobold brigand hits you with a +0 club. x2
You hit the kobold brigand.
You kill the kobold brigand!
You now have 505 gold pieces (gained 16).
Items here: ( )) ††.
You now have 522 gold pieces (gained 17).
A centaur comes into view.
The centaur shouts!
The centaur wields a +0 orcbow.
The centaur shoots an arrow.
The arrow hits you!
You hear a shout!
A centaur comes into view.
The centaur shoots an arrow.
The arrow hits you!
The centaur wields a +0 orcbow.
The centaur shoots an arrow.
The arrow hits you!
The centaur shoots an arrow.
The arrow hits you.
The centaur shoots an arrow.
The arrow hits you!
The centaur shoots an arrow.
The arrow hits you!
You are too injured to fight recklessly!
You are too injured to fight recklessly!
Reach: p) +5 spear "Ojyed" {venom, rPois rF++ Str-4 Dex+2}
Press: ? - help, Dir - move target, f - centaur
Aim: a centaur, wielding a +0 orcbow (about 20% to evade the +5 spear "Ojyed")
You reach to attack!
You hit the centaur.
The centaur is lightly wounded.
The centaur shoots an arrow.
The arrow hits you!
* * * LOW HITPOINT WARNING * * *
The centaur shoots an arrow.
The arrow closely misses you.
Reach: p) +5 spear "Ojyed" {venom, rPois rF++ Str-4 Dex+2}
Press: ? - help, Dir - move target, f/p - centaur
Aim: a centaur, wielding a +0 orcbow (lightly wounded, about 20% to evade the +5 spear "Ojyed")
You reach to attack!
You puncture the centaur!
The centaur is poisoned.
The centaur is heavily wounded.
The centaur shoots an arrow.
The arrow completely misses you.
The centaur shoots an arrow.
The arrow hits you!
* * * LOW HITPOINT WARNING * * *
You puncture the centaur!
You kill the centaur!
The centaur shoots an arrow.
The arrow hits you.
You die...

##...##....## #.....#
###........#####....##
###..####........##
#.## ##.....### #.#
###..## #.# #..# #.#
#..# #.# #.)# #h# #..#
#).# #..# #..c# #..#
....## #... ....# ####
#..... #..... ......


You could see a centaur.

Vanquished Creatures
  Maurice (D:7)
  Maggie (D:7)
  Jeremiah (D:7)
  Sigmund (D:2)
  A steam dragon (D:6)
  2 water moccasins (D:6)
  An orc warrior (D:8)
  2 black bears
  4 ogres
  3 sky beasts
  2 centaurs
  A phantom (D:4)
  2 kobold brigands (D:8)
  Blork the orc (D:4)
  A bullfrog (D:4)
  A gnoll sergeant (D:5)
  3 scorpions
  5 wights (D:6)
  3 electric eels (D:6)
  3 bombardier beetles
  A hound (D:6)
  4 orc priests
  A sleepcap (D:6)
  7 orc wizards
  5 iguanas
  6 gnolls
  8 adders
  A river rat (D:6)
  2 white imps
  2 ufetubi (D:5)
  2 dart slugs
  2 ribbon worms (D:6)
  22 orcs
  5 ball pythons
  4 bats
  5 endoplasms
  A giant cockroach (D:1)
  5 goblins
  7 hobgoblins
  7 jackals (D:5)
  12 kobolds
  5 quokkas
  3 frilled lizards
  9 rats
165 creatures vanquished.

Vanquished Creatures (collateral kills)
  A kobold (D:8)
1 creature vanquished.

Grand Total: 166 creatures vanquished

Notes
Turn   | Place    | Note
-------+----------+-------------------------------------------
     0 | D:1      | Kass the Octopode Shapeshifter began the quest for the Orb.
     0 | D:1      | Reached XP level 1. HP: 13/13 MP: 1/1
   141 | D:1      | Reached XP level 2. HP: 18/18 MP: 2/2
   775 | D:2      | Reached XP level 3. HP: 21/23 MP: 3/3
   791 | D:2      | Got the Writings on Supportive Elsewhere
  1131 | D:2      | Noticed Sigmund
  1180 | D:2      | Killed Sigmund
  1181 | D:2      | Reached XP level 4. HP: 16/30 MP: 4/4
  1181 | D:2      | Reached XP level 5. HP: 19/35 MP: 5/5
  2031 | D:3      | Reached XP level 6. HP: 30/41 MP: 6/6
  2277 | D:4      | Noticed Blork the orc
  2284 | D:4      | Killed Blork the orc
  2375 | D:4      | Identified the ring of Existentialism {rF++ AC+4}
  2588 | D:4      | Reached XP level 7. HP: 19/46 MP: 7/7
  2739 | D:4      | Identified the +5 spear "Ojyed" {venom, rPois rF++ Str-4
                  | Dex+2}
  3010 | D:4      | Found a white marble altar of Elyvilon.
  3027 | D:4      | Reached skill level 5 in Unarmed Combat
  3218 | D:4      | Became a worshipper of Elyvilon the Healer
  3387 | D:4      | Reached skill level 5 in Shapeshifting
  3387 | D:4      | Reached XP level 8. HP: 51/54 MP: 8/8
  3616 | D:5      | Entered Level 5 of the Dungeon
  3655 | D:5      | Reached skill level 5 in Dodging
  4008 | D:5      | Found a staircase to the Ecumenical Temple.
  4119 | D:5      | Reached skill level 5 in Fighting
  4275 | D:5      | Reached * piety under Elyvilon
  4533 | D:6      | Reached XP level 9. HP: 32/61 MP: 9/9
  4844 | D:6      | Learned a level 1 spell: Summon Small Mammal
  5025 | D:6      | Found Ceorru Enyo's Armour Emporium.
  5124 | D:6      | Reached skill level 1 in Stealth
  5156 | D:6      | Reached skill level 1 in Invocations
  5212 | D:6      | Found a blossoming altar of Fedhas.
  5238 | D:6      | Reached ** piety under Elyvilon
  5409 | D:6      | Reached skill level 1 in Summonings
  5604 | D:7      | Learned a level 3 spell: Call Canine Familiar
  5738 | D:7      | Noticed Maurice
  5745 | D:7      | Maurice stole a flux talisman
  5746 | D:7      | Maurice stole 12 poisoned darts
  5749 | D:7      | Killed Maurice
  5948 | D:7      | Noticed Jeremiah
  5968 | D:7      | Killed Jeremiah
  5969 | D:7      | Reached XP level 10. HP: 36/69 MP: 11/11
  5984 | D:7      | Noticed Maggie
  6093 | D:7      | Killed Maggie
  6450 | D:7      | Reached *** piety under Elyvilon
  6640 | D:8      | Learned a level 3 spell: Swiftness
  6884 | D:8      | HP: 3/69 [centaur/arrow (15)]
  6885 | D:8      | Shot with an arrow by a centaur

Illustrated notes

Levels and vault maps discovered:
D:1:      lemuel_arrival_broad_hall, layout_loops_cross, nrook_mini_vaults,
          minmay_misc_feat_five, hangedman_decor_peaks_small, minivault_27,
          hex_tiny, corexii_hall_statues_l
D:2:      layout_loops_cross, minmay_statues_item, minmay_misc_feat_tower,
          minmay_increasing_density, uniq_sigmund
D:3:      layout_basic
D:4:      layout_loops_ring, mainiacjoe_overflow_cross_hatched,
          grunt_ministairs_11, chequers_jeans, nrook_uturn, uniq_blork_the_orc
D:5:      layout_basic, minmay_temple_entry_proselytizer
D:6:      layout_basic, fedhas_ov_isle_minmay, lightli_sewer_entry_pipes,
          serial_shops, shop, water_maze_lemuel
D:7:      layout_cave_pools, uniq_jeremiah, uniq_maggie, uniq_maurice
D:8:      layout_layer_cave, lemuel_round_altar, uniq_joseph

Skill      XL: |  1  2  3  4  5  6  7  8  9 10 |
---------------+-------------------------------+-----
Fighting       | 2 3 4 5 6 |  6.7
Dodging        | 3 4 5 6 7 |  7.1
Unarmed Combat | 4 5 6 7 |  7.4
Shapeshifting  | 4 5 6 |  6.9
Stealth        | 3 4 |  4.2
Invocations    | 2 3 |  3.1
Summonings     | 2 |  2.8

Action                     |  1- 3 |  4- 6 |  7- 9 | 10-12 || total
---------------------------+-------+-------+-------+-------++-------
  Melee: Unarmed           |    50 |    63 |     5 |       ||   118
         Constrict         |    10 |    10 |    44 |    11 ||    75
         Tentacles         |     8 |     9 |    40 |    11 ||    68
         Punch             |     1 |       |    11 |     1 ||    13
         Spear             |       |       |   224 |    55 ||   279
  Throw: Dart              |     2 |       |    14 |     5 ||    21
    Use: Potion            |     2 |       |       |       ||     2
   Stab: Sleeping          |     2 |     3 |    12 |     1 ||    18
         Distracted        |       |       |     3 |       ||     3
 Armour: Skin              |    32 |    22 |    92 |    28 ||   174
  Dodge: Dodged            |    36 |    33 |    83 |    21 ||   173
